[Event "Early-Titled-Tuesday-Blitz-July-09-2024"]
[Site "Chess.com"]
[Date "2024.07.09"]
[Round "2"]
[White "DenLaz"]
[Black "Bykov_Egor"]
[Result "1-0"]
[WhiteElo "3142"]
[BlackElo "2677"]
[TimeControl "180+1"]
[EndTime "8:17:56 PDT"]
[Termination "DenLaz won on time"]

1. d4 Nf6 2. c4 e6 3. Nf3 b6 4. g3 Ba6 5. b3 Bb4+ 6. Bd2 Be7 7.
Bg2 c6 8. O-O d5 9. Qc2 O-O 10.
Rd1 Nbd7 11. a4 Rc8 12. a5 b5 13. c5 Ne4 14. b4 f5 15. Nc3 Bf6 16. Be3 e5 17.
dxe5 Nxe5 18. Nxe5 Bxe5 19. Nxe4 Bxa1 20. Nd6 Be5 21.
Nxc8 Bxc8 22. Bd4 Qe7 23. e3 Bd7 24. h4 Be8 25. Bf3 h6 26. Qc3 Bc7 27. Kg2 Bg6 28.
h5 Be8 29. Rh1 Bd7 30. Kf1 Re8 31. Ke2 Be5 32. Kd2 Bxd4 33. Qxd4 Qe5 34. Kc3 Kf7 35. Qxe5 Rxe5 36. Be2 Kf6 37. Bd3 Be8 38. Kd4 Bf7 39. Rh4 Be8 40. f3 Bf7 41. Bc2 Be8 42. e4 fxe4 43.
fxe4 Bxh5 44. Rf4+ Ke6 45. Rf8 Rg5 46. Rc8 dxe4 47.
Bxe4 Rxg3 48. Rxc6+ Kd7 49. Ra6 Rb3 50. Rxa7+ Kd8 51.
Bd5 Rxb4+ 52. Ke5 Bg4 53. Kd6 1-0

[Event "Early-Titled-Tuesday-Blitz-July-09-2024"]
[Site "Chess.com"]
[Date "2024.07.09"]
[Round "2"]
[White "arctic_t00"]
[Black "FormerProdigy"]
[Result "0-1"]
[WhiteElo "2647"]
[BlackElo "2987"]
[TimeControl "180+1"]
[EndTime "8:17:56 PDT"]
[Termination "FormerProdigy won on time"]

1. Nf3 d5 2. g3 Nd7 3. d4 Nb6 4. Nc3 Nf6 5. Bg2 Bf5 6. Nh4 e6 7. Nxf5 exf5 8. Qd3 g6 9. Bg5 Bg7 10. a4 a5 11. b3 O-O 12. O-O c6 13. Bxf6 Qxf6 14.
e3 h5 15. Ne2 h4 16. Rab1 Rfd8 17. c4 Bf8 18. Nf4 Bh6 19. Ne2 Bf8 20. Nf4 Bd6 21. Ne2 Bb4 22. Qc2 Rac8 23. Nf4 dxc4 24. bxc4 c5 25. d5 Re8 26. Rfd1 Rcd8 27. d6 Rxd6 28. Bxb7 Red8 29. Nd5 Nxd5 30. Bxd5 Kg7 31. Kg2 Rh8 32. Bf3 hxg3 33. hxg3 Rxd1 34. Rxd1 g5 35. Rh1 Rxh1 36. Kxh1 f4 37. Kg2 fxe3 38. fxe3 Bc3 39. Be4 Be5 40. Bf3 Bc7 41. Qe4 Qd6 42. Qg4 Qd2+ 43.
Kh3 Qxe3 44. Be4 Qc1 45. Qf5 Qe3 46. Qh7+ Kf8 47. Qh8+ Ke7 0-1

[Event "Early-Titled-Tuesday-Blitz-July-09-2024"]
[Site "Chess.com"]
[Date "2024.07.09"]
[Round "2"]
[White "IsuruAlahakoon"]
[Black "kritipatel"]
[Result "0-1"]
[WhiteElo "2431"]
[BlackElo "2145"]
[TimeControl "180+1"]
[EndTime "8:17:56 PDT"]
[Termination "kritipatel won on time"]

1. Nf3 d5 2. e3 Nf6 3. b3 e6 4. Bb2 c5 5. c4 Nc6 6. cxd5 exd5 7.
Nc3 Be7 8. Rc1 O-O 9. d4 cxd4 10.
Nxd4 Nxd4 11. Qxd4 Be6 12. Be2 a6 13. O-O Rc8 14.
h3 Bc5 15. Qh4 Be7 16. Qd4 Bc5 17. Qd1 Qd7 18. Bf3 Rfd8 19. Ne2 Be7 20. Rxc8 Qxc8 21.
Nf4 Ne4 22. Nxe6 Qxe6 23. Bg4 Qg6 24. f4 f5 25. Bh5 Qb6 26. Bd4 Bc5 27. Bxc5 Qxc5 28.
Qc1 Qe7 29. Bf3 Qh4 30. Qe1 Qe7 31. Qa5 h6 32. Rc1 Ng3 33. Rc7 Qxe3+ 34. Kh2 Nf1+ 35. Kh1 Ng3+ 36. Kh2 Nf1+ 37. Kh1 Qxf4 38. Kg1 Ng3 39. Qc3 Qg5 40. Qe5 Ne4 41. Qe6+ Kh7 42. Qb6 d4 43. Rxb7 d3 0-1

[Event "Early-Titled-Tuesday-Blitz-July-09-2024"]
[Site "Chess.com"]
[Date "2024.07.09"]
[Round "2"]
[White "Shuvalov"]
[Black "Arysya"]
[Result "0-1"]
[WhiteElo "2595"]
[BlackElo "2870"]
[TimeControl "180+1"]
[EndTime "8:17:58 PDT"]
[Termination "Arysya won on time"]

1. c4 g6 2. d4 Bg7 3. e4 c5 4. d5 d6 5. h3 b5 6. cxb5 a6 7. Nf3 Nf6 8. Nc3 O-O 9. a4 Ne8 10.
Bd2 h6 11. Bc4 Nd7 12. bxa6 Bxa6 13. Bb5 Nc7 14. Bxa6 Nxa6 15. O-O Qb6 16. Nb5 Kh7 17. Bc3 Nf6 18. Nd2 Qb8 19. Qe2 Nc7 20. Nxc7 Qxc7 21. Nc4 Rfb8 22. a5 Nd7 23. f4 Rb3 24. e5 Kg8 25. Rae1 Qb7 26. e6 Nf6 27. exf7+ Kf8 28.
Nb6 Ra7 29. Qc4 Rxc3 30. bxc3 Rxa5 31. Rb1 Qa7 32. Kh2 Ra3 33. Rfe1 Rxc3 34. Qb5 Qc7 35. Qa5 Kxf7 36. Qa8 g5 37. fxg5 hxg5 38. Rf1 Kg6 39. Rbe1 Qxb6 40. Rxe7 Qb5 41. Rxf6+ Kxf6 42. Qd8 Kg6 43.
Qg8 Qd3 44. Qxg7+ Kf5 45. Qh7+ Kf4 0-1

[Event "Early-Titled-Tuesday-Blitz-July-09-2024"]
[Site "Chess.com"]
[Date "2024.07.09"]
[Round "2"]
[White "PapiPapita"]
[Black "Didici"]
[Result "0-1"]
[WhiteElo "2502"]
[BlackElo "2753"]
[TimeControl "180+1"]
[EndTime "8:17:58 PDT"]
[Termination "Didici won on time"]

1. c4 b6 2. e4 Bb7 3. Nc3 e6 4. Qe2 c5 5. g3 g6 6. Bg2 Bg7 7. Nf3 d6 8. O-O Nc6 9. d3 Nge7 10. h4 h6 11. Bd2 Qd7 12. a3 f5 13.
Rfe1 e5 14. h5 g5 15. exf5 Qxf5 16. b4 O-O 17. b5 Nd8 18. Nh2 Bxg2 19. Kxg2 Ne6 20.
Be3 Rad8 21. Qg4 d5 22. Qxf5 Rxf5 23. cxd5 Nxd5 24. Nxd5 Rxd5 25. Rad1 Rf7 26. Kf1 Rfd7 27. Ke2 a6 28. a4 axb5 29. axb5 Nc7 30. Kf3 Nxb5 31. Rb1 Nc3 32. Rxb6 Rxd3 33. Kg2 Rc7 34. Ng4 Nd5 35. Rb8+ Kh7 36. Bc1 c4 37. Nxe5 Bxe5 38. Rxe5 c3 39. Rd8 Nb4 40. Rb8 Na2 41. Ba3 Kg7 42. Re6 Kf7 43. Rxh6 Rdd7 44. Rbh8 Re7 0-1

[Event "Early-Titled-Tuesday-Blitz-July-09-2024"]
[Site "Chess.com"]
[Date "2024.07.09"]
[Round "2"]
[White "oykuince"]
[Black "GulenayAydin"]
[Result "0-1"]
[WhiteElo "2101"]
[BlackElo "2540"]
[TimeControl "180+1"]
[EndTime "8:17:58 PDT"]
[Termination "GulenayAydin won by checkmate"]

1. d4 Nf6 2. c4 g6 3. Nc3 Bg7 4.
e4 d6 5. h3 O-O 6. Be3 c5 7.
d5 e6 8. f3 exd5 9. cxd5 a6 10. a4 Re8 11. Nge2 Nbd7 12. Ng3 Rb8 13. Qd2 Nf8 14.
Bd3 Bd7 15. O-O b5 16. axb5 axb5 17. f4 b4 18. Nce2 Bb5 19. e5 dxe5 20. fxe5 Nxd5 21.
Bxc5 Bxe5 22. Ne4 Nf6 23. Bxb5 Nxe4 24. Qxd8 Rexd8 25. Bxf8 Rxf8 26. Bc6 Ng3 27. Nxg3 Bxg3 28. Ra7 Be5 29. Kh1 Bxb2 30. Bd5 Bg7 31. Raxf7 Rxf7 32.
Rxf7 Kh8 33. Bb3 Be5 34. g4 Bg7 35. Kg2 Rf8 36. Rxf8+ Bxf8 37. Kf3 Bg7 38. Ke4 Bc3 39. Kd5 Kg7 40. Ke6 Kh6 41. h4 Be1 42. h5 gxh5 43.
gxh5 Kxh5 44. Kf5 Kh4 45. Kf4 h5 46. Kf3 Kg5 47. Be6 Bc3 48. Kg2 Kf4 49. Bb3 Ke3 50. Kh3 Bf6 51. Bf7 h4 52. Kg4 Ke2 53. Kf5 h3 54.
Bc4+ Kf2 55. Kg4 h2 56. Bd5 b3 57. Kh3 b2 58. Be4 h1=Q+ 59. Bxh1 b1=Q 60. Be4 Qb4 61. Bf5 Qc3+ 62. Kg4 Qg3+ 63. Kh5 Qg5# 0-1

[Event "Early-Titled-Tuesday-Blitz-July-09-2024"]
[Site "Chess.com"]
[Date "2024.07.09"]
[Round "2"]
[White "Volodar_Murzin"]
[Black "MarijaKuznecova"]
[Result "1-0"]
[WhiteElo "2982"]
[BlackElo "2418"]
[TimeControl "180+1"]
[EndTime "8:17:59 PDT"]
[Termination "Volodar_Murzin won by resignation"]

1. d4 Nf6 2. c4 c5 3. d5 b5 4. cxb5 a6 5. bxa6 g6 6. a7 Rxa7 7. Nc3 Bg7 8. e4 O-O 9. Nf3 Ba6 10. Bxa6 Nxa6 11. O-O d6 12. Bd2 Nb4 13. a3 Nd3 14. Qc2 c4 15. Rab1 Nd7 16. Be3 Rb7 17. Nd2 Qc7 18. b3 cxb3 19. Qxd3 Qxc3 20. Qxc3 Bxc3 21. Rxb3 Rxb3 22. Nxb3 Ra8 23. Rc1 Bb2 24. Rc2 Bxa3 25. Ra2 Ne5 26. Nd2 Ra5 27. Nb3 Ra4 28. f3 Nc4 29.
Bd4 Rb4 30. Na1 Rb1+ 31. Kf2 f6 32. Nc2 Bb2 33. Bxb2 Nxb2 34. Ra8+ Kf7 35. Ne3 Nd3+ 36. Kg3 Re1 37. Nc4 Re2 38. Ra7 Kf8 39. Na5 Ne5 40. Nc6 Nf7 41. Rxe7 Rc2 42. Re6 Kg7 43. Re7 g5 44. Rd7 h5 45. Nd8 h4+ 46. Kh3 Kg6 47. Rxf7 1-0

[Event "Early-Titled-Tuesday-Blitz-July-09-2024"]
[Site "Chess.com"]
[Date "2024.07.09"]
[Round "2"]
[White "aanshnerurkar"]
[Black "carloseduar100"]
[Result "1/2-1/2"]
[WhiteElo "2472"]
[BlackElo "2253"]
[TimeControl "180+1"]
[EndTime "8:17:59 PDT"]
[Termination "Game drawn - insufficient material"]

1. e4 e6 2. d4 d5 3. Nd2 c5 4. Ngf3 Nc6 5. exd5 Qxd5 6. Bc4 Qd7 7. dxc5 Bxc5 8.
O-O Nf6 9. Qe2 Qc7 10. Ne4 Nxe4 11. Qxe4 Bd6 12. Re1 Bd7 13. Ng5 h6 14. Nf3 g5 15. b3 g4 16. Qxg4 O-O-O 17. Qe4 h5 18. Bg5 Rdg8 19. g3 Ne7 20. Rad1 Bc6 21. Qe2 Nf5 22.
h4 Bxg3 23. Bxe6+ fxe6 24. Qxe6+ Kb8 25. Qxf5 Rf8 26. Bf6 Bxf3 27. Qxf3 Bxh4 28. Re6 Rhg8+ 29. Kf1 Qf7 30. Be5+ Ka8 31. Qxf7 Rxf7 32. Rd2 Rgf8 33. Re2 Rxf2+ 34. Rxf2 Rxf2+ 35. Kg1 Rf8 36. Bd6 Rg8+ 37.
Kh1 Bg5 38. Re5 h4 39. Rd5 a6 40. c4 Bd8 41. c5 Ka7 42. b4 h3 43. Rd2 Bf6 44. a3 Rg2 45. Rxg2 hxg2+ 46. Kxg2 Bb2 47. a4 Ba3 48. b5 axb5 49. axb5 b6 50. cxb6+ Kxb6 51. Bxa3 Kxb5 1/2-1/2

[Event "Early-Titled-Tuesday-Blitz-July-09-2024"]
[Site "Chess.com"]
[Date "2024.07.09"]
[Round "2"]
[White "orackbbama"]
[Black "Meri-Arabidze"]
[Result "1-0"]
[WhiteElo "2303"]
[BlackElo "2686"]
[TimeControl "180+1"]
[EndTime "8:18:01 PDT"]
[Termination "orackbbama won by checkmate"]

1. d4 Nf6 2. c4 e6 3. Nc3 Bb4 4. f3 c5 5. d5 b5 6. e4 O-O 7. Bd2 d6 8. Nxb5 exd5 9. cxd5 Nh5 10. Ne2 f5 11. Bxb4 cxb4 12. exf5 Bxf5 13. Nbd4 Qe7 14. Kf2 Nd7 15. Nxf5 Rxf5 16. Nd4 Rf7 17. g3 Ne5 18.
Bh3 Kh8 19. Be6 Rff8 20. Kg2 Qg5 21. Qc1 Nf4+ 22. Kg1 Nxe6 23. dxe6 Qf6 24. f4 Ng4 25. Qd2 g5 26. h3 gxf4 27. hxg4 fxg3 28. Kg2 Rac8 29.
Raf1 Qe5 30. Rxf8+ Rxf8 31. Rf1 Rc8 32. Qf4 Qd5+ 33.
Kxg3 Qe5 34. Qxe5+ dxe5 35. Nf5 Re8 36. e7 Kg8 37.
Rc1 h5 38. Rc7 hxg4 39. Nd6 Ra8 40. e8=Q+ Rxe8 41. Nxe8 Kf8 42. Nd6 e4 43. Nxe4 Ke8 44. Kxg4 Kd8 45. Rxa7 b3 46. axb3 Kc8 47. b4 Kb8 48.
Ra4 Kc8 49. b5 Kb8 50. b6 Kb7 51. Rb4 Ka6 52. Nc5+ Ka5 53. b7 Kxb4 54. b8=Q+ Ka5 55.
b4# 1-0

[Event "Early-Titled-Tuesday-Blitz-July-09-2024"]
[Site "Chess.com"]
[Date "2024.07.09"]
[Round "2"]
[White "ShimogaTactician"]
[Black "jumpingknight20"]
[Result "0-1"]
[WhiteElo "2549"]
[BlackElo "2780"]
[TimeControl "180+1"]
[EndTime "8:18:02 PDT"]
[Termination "jumpingknight20 won by checkmate"]

1. Nf3 g6 2. c4 Bg7 3. e4 c5 4.
d4 cxd4 5. Nxd4 Nc6 6. Be3 Nf6 7. Nc3 O-O 8. Be2 d6 9. O-O Bd7 10. Qd2 Ng4 11. Bxg4 Bxg4 12. f3 Bd7 13. Rfd1 Rc8 14. b3 a6 15. Rac1 h5 16. Nd5 Nxd4 17. Bxd4 Bc6 18.
Nb6 Rb8 19. Bxg7 Kxg7 20. c5 f6 21. Qb4 dxc5 22. Qxc5 Qe8 23. e5 Rd8 24. Nc4 Qf7 25.
Na5 Bd5 26. Qe3 Rd7 27. Nc4 Rc7 28. exf6+ exf6 29. Nd6 Rxc1 30. Qxc1 Qe6 31. Qf4 g5 32. Qf5 Qe3+ 33. Kh1 Bc6 34. h4 Qe2 35. Rg1 gxh4 36.
Qxh5 Bd7 37. Nf5+ Bxf5 38. Qxf5 Rd8 39. Qg4+ Kf8 40. Qxh4 Kg7 41. Qg4+ Kf7 42. Qh5+ Kg7 43. Qg4+ Kf8 44. Qg6 Rd7 45. Qxf6+ Kg8 46. Qg5+ Kh8 47.
Qf6+ Rg7 48. Qf8+ Kh7 49. Rc1 Qxg2# 0-1

[Event "Early-Titled-Tuesday-Blitz-July-09-2024"]
[Site "Chess.com"]
[Date "2024.07.09"]
[Round "2"]
[White "JavierRuizVazquez"]
[Black "GelmanAlexander"]
[Result "0-1"]
[WhiteElo "2390"]
[BlackElo "2723"]
[TimeControl "180+1"]
[EndTime "8:18:02 PDT"]
[Termination "GelmanAlexander won by resignation"]

1. e4 c5 2. Nc3 e6 3. d4 cxd4 4. Qxd4 Nc6 5. Qd2 a6 6. b3 b5 7.
Bb2 Bb7 8. O-O-O Nf6 9. f3 Rc8 10. Kb1 h5 11. Nge2 Bb4 12. a3 Be7 13. Nd4 b4 14.
axb4 Bxb4 15. Nxc6 Rxc6 16. Qd4 Qa5 17. Na4 O-O 18.
Bd3 Rfc8 19. g4 hxg4 20. Rhg1 Bf8 21. Qe3 d5 22. Bxf6 dxe4 23. Qxe4 Qf5 24. Qxf5 exf5 25. Bb2 gxf3 26. Bxf5 R8c7 27. Be4 Re6 28. Bxb7 Rxb7 29. Rd2 Rbe7 30. Rf2 Re2 31. Rxf3 Rxh2 32. Rfg3 g6 33. Nc3 Bg7 34. Nd5 Ree2 35. Bxg7 Kxg7 36. Rc3 Rd2 37. Nc7 Rhe2 38. Nxa6 f6 39. b4 g5 40. b5 Re5 41. Rb3 Ree2 42. Rc1 Re7 43. b6 Rb7 44.
Nc5 Rb8 45. b7 Kg6 46. Na6 Re8 47. b8=Q Rxb8 48. Nxb8 f5 49. Re1 f4 50. Re6+ Kf5 51.
Rbb6 f3 52. Rf6+ Kg4 53. Rb4+ Kg3 54. Rb3 g4 55. Nd7 Rxd7 56. Rg6 Rd4 57. Kb2 Kf2 58.
Rd3 Rf4 59. Re3 Kxe3 0-1

[Event "Early-Titled-Tuesday-Blitz-July-09-2024"]
[Site "Chess.com"]
[Date "2024.07.09"]
[Round "2"]
[White "Barbix1"]
[Black "Antosha_Chekhonte"]
[Result "1-0"]
[WhiteElo "2367"]
[BlackElo "2522"]
[TimeControl "180+1"]
[EndTime "8:18:02 PDT"]
[Termination "Barbix1 won on time"]

1. d4 e6 2. Nf3 Nf6 3. c4 d5 4. g3 dxc4 5. Bg2 c5 6. O-O Nc6 7. dxc5 Qxd1 8. Rxd1 Bxc5 9. Nbd2 c3 10. bxc3 O-O 11. Nb3 Be7 12. Nfd4 Nxd4 13. Nxd4 Nd5 14. Bb2 Rd8 15. Rac1 Nb6 16. Nb5 Nc4 17. Ba1 Bd7 18.
Nd4 Rab8 19. Nb3 b6 20. Rd4 Rbc8 21. Rcd1 Be8 22. Bb7 Rxd4 23. Rxd4 Rc7 24. Ba6 Na3 25. Rd1 Kf8 26. e4 Bf6 27. f4 Bxc3 28. Rc1 Bxa1 29.
Rxc7 Bb2 30. Rxa7 Nb5 31. Ra8 Nc3 32. Bc4 b5 33. Bd3 Ke7 34. Nc5 Bc1 35. Ra7+ Kd6 36.
Nb7+ Kc6 37. Ra8 Bd7 38. Na5+ Kb6 39. Nb3 Be3+ 40. Kf1 Bc6 41. Rg8 g6 42. Rf8 Nxe4 43. Bxe4 Bxe4 44. Rxf7 Kc6 45. Rxh7 Bb1 46. Ke2 Bb6 47.
Rh8 Bxa2 48. Nd2 1-0

[Event "Early-Titled-Tuesday-Blitz-July-09-2024"]
[Site "Chess.com"]
[Date "2024.07.09"]
[Round "2"]
[White "Timerkhanov"]
[Black "GHANDEEVAM2003"]
[Result "0-1"]
[WhiteElo "2682"]
[BlackElo "3183"]
[TimeControl "180+1"]
[EndTime "8:18:03 PDT"]
[Termination "GHANDEEVAM2003 won by checkmate"]

1. d4 Nf6 2. Bg5 b6 3. Nd2 Bb7 4. e3 g6 5. Bxf6 exf6 6. Ngf3 Bg7 7. c4 O-O 8. g3 f5 9. Bg2 c5 10. O-O Re8 11. a4 Nc6 12. Nb3 d6 13. a5 Nb4 14.
Qd2 Qe7 15. Rfd1 Red8 16. h4 Rac8 17. axb6 axb6 18. Ra7 Nc6 19. Ra2 h6 20. Ne1 h5 21. Nd3 cxd4 22. exd4 Nxd4 23. Nxd4 Bxd4 24. Ra7 Rd7 25. Bxb7 Rxb7 26. Rxb7 Qxb7 27. Nf4 Be5 28. b3 b5 29. Qd5 Qxd5 30. Nxd5 Rb8 31. Ne7+ Kg7 32.
Nc6 Rb6 33. Nxe5 dxe5 34. c5 Ra6 35. Rc1 Kf6 36. c6 Ra8 37. c7 Rc8 38. Rc6+ Ke7 39. Rc5 Kd6 40. Rxb5 Rxc7 41. Kg2 e4 42. Rb6+ Ke5 43.
Rb8 Rc2 44. b4 Kf6 45. Kf1 Rb2 46. b5 f4 47. gxf4 Kf5 48. b6 Kxf4 49. Rf8 f5 50. Rb8 Kf3 51. Kg1 Rb1+ 52. Kh2 Kxf2 53. b7 e3 54. Rf8 Rxb7 55. Rg8 e2 56. Rxg6 e1=Q 57. Rg2+ Kf3 58. Rg1 Qxh4# 0-1

[Event "Early-Titled-Tuesday-Blitz-July-09-2024"]
[Site "Chess.com"]
[Date "2024.07.09"]
[Round "2"]
[White "Fh2411"]
[Black "tylityli"]
[Result "0-1"]
[WhiteElo "2583"]
[BlackElo "2400"]
[TimeControl "180+1"]
[EndTime "8:18:03 PDT"]
[Termination "tylityli won by resignation"]

1. d4 Nf6 2. Nf3 d5 3. c4 dxc4 4. e3 a6 5. Bxc4 b5 6. Be2 e6 7.
O-O c5 8. a4 b4 9. Nbd2 Bb7 10.
Nc4 Nbd7 11. a5 Be7 12. b3 O-O 13. Bb2 Rc8 14. Nfe5 Nxe5 15. dxe5 Nd5 16. Qc2 Qc7 17.
Rfd1 Rfd8 18. Bf3 Bf8 19. g3 Nxe3 20. fxe3 Bxf3 21. Rf1 Qc6 22. Rf2 Be4 23. Qe2 Bd3 24.
Qg4 Qe4 25. Rf4 Qg6 26. Qf3 Bc2 27. Rf1 Rd7 28. Nb6 Rcd8 29. Nxd7 Rxd7 30. e4 c4 31. bxc4 Bc5+ 32. Kh1 b3 33. h4 h5 34. g4 hxg4 35.
Rxg4 Qh6 36. Bc1 Qh7 37. Kh2 Bd3 38. Re1 Bc2 39. Qg2 Bf8 40. Bb2 Rd3 41. Rg1 g6 42. Kh1 Be7 43. Qh2 Qh5 44. Bc1 Rd4 45. Qg2 Rxc4 46. Qxc2 Rxc2 0-1

[Event "Early-Titled-Tuesday-Blitz-July-09-2024"]
[Site "Chess.com"]
[Date "2024.07.09"]
[Round "2"]
[White "Rosh1610"]
[Black "Evan_Attaker"]
[Result "0-1"]
[WhiteElo "2467"]
[BlackElo "2743"]
[TimeControl "180+1"]
[EndTime "8:18:05 PDT"]
[Termination "Evan_Attaker won by resignation"]

1. e4 d6 2. d4 Nf6 3. Bd3 g6 4. Nf3 Bg7 5. O-O O-O 6. c3 c5 7.
Bg5 Bg4 8. Nbd2 Nc6 9. h3 Bxf3 10.
Nxf3 cxd4 11. cxd4 Qa5 12. a3 Nxd4 13. Nxd4 Qxg5 14. b4 Qe5 15. Nf3 Qe6 16. Re1 Nd7 17. Rc1 Rfc8 18. Bb5 Ne5 19. Nd4 Qf6 20. Rxc8+ Rxc8 21. Qd2 a6 22. Bf1 Nc4 23. Bxc4 Qxd4 24. Qxd4 Bxd4 25.
Bd5 Rc2 26. Rf1 b6 27. Bb7 a5 28. bxa5 bxa5 29. a4 Kg7 30. Ba6 Kf6 31. g3 Ke5 32.
Bb7 g5 33. Kg2 h5 34. Kf3 Rc3+ 35. Ke2 g4 36. hxg4 hxg4 37. f4+ Kf6 38. Rd1 Re3+ 39. Kf1 Bc5 40. Kg2 Re2+ 41. Kh1 e6 42. f5 e5 43. Bc6 Kg5 44. Bd5 Kf6 45. Rb1 Re3 46. Kg2 Bb4 47. Rc1 Re2+ 48. Kf1 Re3 49. Kf2 Bc5 50. Rxc5 Rf3+ 51. Kg2 dxc5 52. Bc4 Ra3 53. Bb5 Rc3 54. Kf2 c4 55. Ke2 Ke7 56. Kd2 Rxg3 57. Bxc4 f6 58. Bd5 Kd6 59. Ke2 Ra3 60. Kf2 Kc5 61. Kg2 Rxa4 62. Kg3 Rd4 63. Kxg4 Rxd5 64. exd5 e4 65. Kh5 Kxd5 66. Kg6 Ke5 0-1

[Event "Early-Titled-Tuesday-Blitz-July-09-2024"]
[Site "Chess.com"]
[Date "2024.07.09"]
[Round "2"]
[White "IMGC"]
[Black "youngKID"]
[Result "0-1"]
[WhiteElo "2464"]
[BlackElo "2876"]
[TimeControl "180+1"]
[EndTime "8:18:05 PDT"]
[Termination "youngKID won on time"]

1. Nf3 Nf6 2. e3 g6 3. d4 Bg7 4.
Be2 O-O 5. O-O d6 6. c4 Nbd7 7. Nc3 e5 8. b3 Re8 9. Bb2 e4 10. Nd2 Nf8 11. Qc2 Bf5 12. Rae1 h5 13. d5 N8h7 14.
Nb5 h4 15. Nd4 Bd7 16. f3 exf3 17. Bxf3 Ng5 18. e4 h3 19. g3 Ng4 20. Bxg4 Bxg4 21.
c5 dxc5 22. Qxc5 c6 23. dxc6 bxc6 24. e5 Ne6 25. Qc4 c5 26. N4f3 Bxf3 27. Nxf3 Qb6 28.
Rd1 Rad8 29. Bc3 Qc6 30. Qe2 c4 31. bxc4 Rc8 32. Nd4 Nxd4 33. Bxd4 Bxe5 34. Qf2 Rc7 35. Bxe5 Rxe5 36. Rd8+ Kg7 37. Rd4 Rce7 38. Rf4 f5 39.
Qf3 Qc5+ 40. Qf2 Qc6 41. Qf3 Qd6 42. Qc3 Kg8 43. R4f2 Re2 44. Qf3 Qc5 45. Kh1 Rxf2 46. Rxf2 Re1+ 47. Rf1 Qc6 0-1

[Event "Early-Titled-Tuesday-Blitz-July-09-2024"]
[Site "Chess.com"]
[Date "2024.07.09"]
[Round "2"]
[White "rdarruda"]
[Black "patzer-reloaded"]
[Result "1-0"]
[WhiteElo "2555"]
[BlackElo "2359"]
[TimeControl "180+1"]
[EndTime "8:18:06 PDT"]
[Termination "rdarruda won on time"]

1. d4 Nf6 2. Nf3 e6 3. g3 d5 4. Bg2 c5 5. O-O Nc6 6. c4 Be7 7. Nc3 O-O 8. cxd5 exd5 9. dxc5 Bxc5 10. b3 Re8 11. Bb2 Bg4 12. Rc1 Bf8 13. h3 Bh5 14. e3 Qd7 15. g4 Bg6 16. g5 Ne4 17.
Qxd5 Rad8 18. Qxd7 Rxd7 19. Rfd1 Red8 20. Rxd7 Rxd7 21.
Rd1 Rxd1+ 22. Nxd1 Nb4 23. Nh4 Nxg5 24. Nxg6 hxg6 25. h4 Ne6 26. Bxb7 Nxa2 27. Bf3 Bb4 28. h5 gxh5 29. Bxh5 Nc5 30. Bd4 a5 31. Bxc5 Bxc5 32. Be2 Ba3 33. Bc4 Kf8 34. Kf1 Ke7 35. Ke2 f6 36.
Kd3 Nb4+ 37. Ke4 Nc6 38. Nc3 Bb4 39. Nd5+ Kd6 40. Nf4 Bc3 41. Kf5 Ne7+ 42. Ke4 Kc5 43. Ne6+ Kb4 44. Kd3 g6 45. Nf8 Be1 46. f3 f5 47. Ne6 Bc3 48. Nf4 Bf6 49. Bf7 g5 50. Nh5 Bh8 51. Ng3 f4 52. exf4 gxf4 53. Ne2 Be5 54. Ke4 Bc7 55. Nxf4 Bxf4 56. Kxf4 Nc6 57. Ke3 a4 58. bxa4 Ne5 59. Be8 Nc4+ 60. Kd4 Nd6 61.
Bd7 Nb7 62. f4 Nd8 63. f5 Nf7 64. f6 Nh6 65. Be6 Kxa4 66. Ke4 Kb5 67. Kf4 Kc6 68. Kg5 Kd6 69. Kxh6 Kxe6 70. Kg7 Kd7 71. f7 Ke6 72.
f8=Q 1-0

[Event "Early-Titled-Tuesday-Blitz-July-09-2024"]
[Site "Chess.com"]
[Date "2024.07.09"]
[Round "2"]
[White "talaicito"]
[Black "noblerone"]
[Result "0-1"]
[WhiteElo "2351"]
[BlackElo "2539"]
[TimeControl "180+1"]
[EndTime "8:18:07 PDT"]
[Termination "noblerone won on time"]

1. d4 d5 2. Bf4 Nf6 3. Nc3 c5 4.
e3 cxd4 5. exd4 a6 6. Nf3 Bg4 7.
h3 Bxf3 8. Qxf3 Nc6 9. O-O-O e6 10. g4 Be7 11. g5 Nd7 12. h4 Qa5 13. Bh3 Nb4 14.
Kb1 Rc8 15. a3 Nxc2 16. Kxc2 Nb6 17. Ra1 Nc4 18. Rhb1 O-O 19. h5 Qb6 20. Qd3 Bd6 21. Bc1 Qc7 22. Kd1 Bf4 23. Ra2 Bxc1 24. Rxc1 Qf4 25.
Ne2 Qxf2 26. Rxc4 dxc4 27. Qg3 Qxg3 28. Nxg3 c3 29. bxc3 Rxc3 30. Rg2 Rd8 31. Ne2 Rxh3 32. g6 hxg6 33. hxg6 Rxa3 34. gxf7+ Kxf7 35. Ke1 Ra2 36. Rg4 Rd5 37. Kf2 Rf5+ 38. Ke3 b5 39. Nf4 Ra3+ 40. Nd3 Rxd3+ 41. Kxd3 Rf3+ 42. Ke4 Rc3 43. Rf4+ Ke7 44.
Rg4 Kf7 45. Rf4+ Kg8 46. Ke5 Re3+ 47. Kd6 b4 48. Kc5 b3 49. Rf2 Rc3+ 50. Kb4 Rc2 51.
Rf3 b2 52. Rb3 Rf2 53. Kc5 Kf7 0-1

[Event "Early-Titled-Tuesday-Blitz-July-09-2024"]
[Site "Chess.com"]
[Date "2024.07.09"]
[Round "2"]
[White "gpsji27"]
[Black "CristhianPortalR"]
[Result "1-0"]
[WhiteElo "2344"]
[BlackElo "2514"]
[TimeControl "180+1"]
[EndTime "8:18:08 PDT"]
[Termination "gpsji27 won by resignation"]

1. d4 d5 2. Nf3 Nf6 3. Bg5 Nbd7 4. e3 c5 5. c3 Ne4 6. Bh4 Qb6 7. Qc2 e6 8. Bd3 f5 9. Nbd2 Bd6 10.
O-O O-O 11. Bg3 Nxg3 12. hxg3 Nf6 13. a4 Bd7 14. a5 Qc7 15. dxc5 Bxc5 16. b4 Bd6 17. Rfc1 Rac8 18. Qb3 e5 19. e4 fxe4 20. Nxe4 Be6 21. Neg5 Qe7 22. Nxe6 Qxe6 23. Ng5 Qg4 24. Nxh7 Nxh7 25. Qxd5+ Kh8 26. Bxh7 Rf6 27. Qe4 Qh5 28. Qxb7 Rcf8 29. Be4 Rxf2 30. Bf3 R2xf3 31. gxf3 e4 32. Qxe4 Bxg3 33. Rc2 Bf4 34. Rg2 Rf6 35. Kf2 Qh4+ 36.
Ke2 Bg3 37. Qxh4+ Bxh4 38. Rh1 Rh6 39. Rg4 g5 40. c4 Re6+ 41. Kd3 Rd6+ 42. Kc3 Rf6 43.
Rxg5 Rh6 44. Rgg1 Bf6+ 45. Kb3 Bg7 46. Rxh6+ Bxh6 47. Rh1 Kg7 48. Rxh6 Kxh6 49. b5 Kg5 50. b6 axb6 51. axb6 1-0

[Event "Early-Titled-Tuesday-Blitz-July-09-2024"]
[Site "Chess.com"]
[Date "2024.07.09"]
[Round "2"]
[White "sofaceindisguise"]
[Black "Naruto75_3"]
[Result "1-0"]
[WhiteElo "2774"]
[BlackElo "2544"]
[TimeControl "180+1"]
[EndTime "8:18:09 PDT"]
[Termination "sofaceindisguise won by resignation"]

1. d4 d5 2. c4 c6 3. Nf3 Nf6 4. Nc3 e6 5. e3 Nbd7 6. Qc2 Bd6 7.
g4 dxc4 8. g5 Nd5 9. Bxc4 N7b6 10. Bb3 a5 11. a3 Bd7 12. Ne4 Be7 13. h4 Qc7 14. Bd2 a4 15. Ba2 Rc8 16. h5 Qb8 17.
O-O-O f5 18. gxf6 Nxf6 19. Kb1 Nbd5 20. Nc5 Qc7 21. Ne5 Bxc5 22. Qxc5 b6 23. Qc2 O-O 24.
e4 Ne7 25. Rdg1 c5 26. Bh6 Ne8 27. Bxg7 Nxg7 28. h6 Ng6 29. hxg7 Rf6 30. Nxg6 Rxg6 31. Rxg6 hxg6 32. e5 Kxg7 33. Qd2 Rg8 34. Qh6+ Kf7 35. Rh4 Rg7 36. Rf4+ Kg8 37. Rf6 Qc6 38. d5 Qb5 39. Ka1 Qf1+ 40. Bb1 exd5 41. Rxg6 Qxb1+ 42. Kxb1 Bf5+ 43. Kc1 Rxg6 44. Qh5 Bd3 45. Kd2 c4 46. Qh4 Kf7 47.
Qd8 Ke6 48. Qd6+ Kf5 49. Qxd5 Re6 50. f4 Re8 51. Ke3 Re7 52. Qd6 Re6 53. Qf8+ Kg4 54. Qg8+ Rg6 55. Qc8+ Bf5 56. Qxc4 Bd7 57. f5+ Kxf5 58.
Qd3+ Kg5 59. Qxd7 Rh6 60. e6 Rh3+ 61. Ke4 Rh4+ 62. Ke5 Rh1 63. Qg7+ Kh5 64. Qh8+ 1-0

[Event "Early-Titled-Tuesday-Blitz-July-09-2024"]
[Site "Chess.com"]
[Date "2024.07.09"]
[Round "2"]
[White "djano"]
[Black "dretch"]
[Result "0-1"]
[WhiteElo "2604"]
[BlackElo "2881"]
[TimeControl "180+1"]
[EndTime "8:18:11 PDT"]
[Termination "dretch won by resignation"]

1. Nf3 d5 2. g3 Bg4 3. Bg2 Nd7 4. h3 Bxf3 5. exf3 e6 6. O-O Ngf6 7. f4 Bd6 8. d3 O-O 9. Nd2 c6 10. Nf3 Qb6 11.
b3 Rfe8 12. a4 e5 13. fxe5 Nxe5 14. a5 Nxf3+ 15. Qxf3 Qd4 16. Ra2 Qc3 17. a6 b5 18.
Qd1 Qc5 19. Kh2 Be5 20. Qd2 Bc3 21. Qf4 Be5 22. Qf3 Bd4 23. Qf4 b4 24. Bd2 Re2 25.
Be1 Rae8 26. Bxb4 Qxb4 27. Ra4 Qc3 28. Qxd4 Qxd4 29. Rxd4 Rxc2 30. Rb4 Ra2 31. Ra4 Rxa4 32. bxa4 Rb8 33. Re1 Kf8 34. g4 Nd7 35. Rc1 Ne5 36. d4 Nc4 37. Bf1 Rb4 38. a5 Ke7 39. Kg3 Nxa5 40.
Rc5 Ra4 41. Bd3 Ra3 42. f3 h6 43. Bf5 Kd6 44. Bc8 Nb3 45. Rc3 Kc7 46. Bb7 c5 47. dxc5 d4 48. Rd3 g5 49. Bd5 Rxa6 50. Rxb3 Ra5 51.
Rb7+ Kc8 52. Bxf7 Kxb7 53. c6+ Kc7 0-1